 Dungeon Crawl Stone Soup version 0.29-a0-321-gf1c400731a (webtiles) character file.

Game seed: 1918204100506517700

368 sammy202020 the Skirmisher (level 6, -3/68 HPs)
             Began as an Ogre Monk on Apr 4, 2022.
             Slain by an orc
             ... wielding a +0 trident
              (4 damage)
             ... on level 4 of the Dungeon.
             The game lasted 00:03:27 (3689 turns).

sammy202020 the Skirmisher (Ogre Monk)              Turns: 3689, Time: 00:03:27

Health: -3/68      AC:  3    Str: 18    XL:     6   Next: 69%
Magic:  0/6        EV: 10    Int: 11    God:
Gold:   173        SH:  0    Dex: 11    Spells: 5/5 levels left

rFire   . . .      SeeInvis .   s - +0 flail
rCold   . . .      Faith    .   (no shield)
rNeg    . . .      Spirit   +   b - +0 robe
rPois   .          Reflect  .   (helmet restricted)
rElec   .          Harm     .   (no cloak)
rCorr   .          Rampage  .   (gloves unavailable)
Will    .....                   (boots unavailable)
Stlth   ++........              o - amulet of guardian spirit
HPRegen 0.21/turn               (no ring)
MPRegen 0.10/turn               (no ring)

@: no status effects
A: large, unfitting armour, tough skin 1
a: no special abilities


You were on level 4 of the Dungeon.
You visited 1 branch of the dungeon, and saw 4 of its levels.

You collected 173 gold pieces.

Inventory:

Hand Weapons
 a - a +0 mace
 p - a +0 giant spiked club
 s - a +0 flail (weapon)
Missiles
 v - 3 poisoned darts (quivered)
Armour
 b - a +0 robe (worn)
Jewellery
 o - an amulet of guardian spirit (around neck)
Wands
 r - a wand of flame (18)
Scrolls
 d - 4 scrolls of teleportation {unknown}
 e - a scroll of enchant armour {unknown}
 f - a scroll of silence {unknown}
 g - a scroll of holy word {unknown}
 h - 4 scrolls of identify {unknown}
 j - a scroll of noise {unknown}
 k - a scroll of vulnerability {unknown}
 q - a scroll of magic mapping {unknown}
 t - a scroll of torment {unknown}
 u - a scroll of summoning {unknown}
Potions
 i - 2 potions of attraction {unknown}
 l - a potion of might {unknown}
 n - a potion of magic {unknown}


   Skills:
 * Level 6.8 Fighting
 * Level 4.6 Maces & Flails
 + Level 3.7 Dodging
 - Level 1.4 Stealth


You had 5 spell levels left.
You didn't know any spells.
Your spell library contained the following spells:

 Spells                   Type           Power      Damage    Failure   Level
 Foxfire                  Conj/Fire      0%         2x1d4     34%         1
 Slow                     Hex            0%         N/A       34%         1
 Confusing Touch          Hex            0%         N/A       71%         3
 Conjure Flame            Conj/Fire      0%         6-21      71%         3
 Inner Flame              Hex/Fire       0%         N/A       71%         3
 Vampiric Draining        Necr           0%         2d6       71%         3
 Flame Wave               Conj/Fire      0%         2d4       98%         4
 Dispersal                Tloc           0%         N/A       100%        6
 Disjunction              Tloc           0%         N/A       100%        8


Dungeon Overview and Level Annotations

Branches:
Dungeon (4/15)
 Temple: D:4-7

Altars:


Innate Abilities, Weirdness & Mutations

You are too large for most types of armour.
You have tough skin. (AC +1)


Message History

The ball python bites you but does no damage.
The orc completely misses you.
You bump into the rock wall.
The ball python closely misses you. The orc barely misses you.
The ball python completely misses you.
You bump into the rock wall.
You feel less invigorated.
You feel less confused.
The orc priest looks encouraged for a moment.
The orc hits you from afar with a +0 trident!
The ball python closely misses you.
You sock the ball python!
You kill the ball python!
The orc completely misses you.
You closely miss the orc. The orc barely misses you.
The orc hits you with a +0 mace!
You hit the orc but do no damage. The orc closely misses you.
The orc hits you with a +0 mace. The orc barely misses you.
The orc hits you from afar with a +0 trident.
You sock the orc!
You kill the orc!
The orc hits you from afar with a +0 trident.
You closely miss the orc priest.
The orc priest is lightly wounded.
The orc priest hits you with a +0 mace. The orc barely misses you.
You closely miss the orc priest.
The orc priest is lightly wounded.
The orc priest misses you.
The orc hits you from afar with a +0 trident.
* * * LOW HITPOINT WARNING * * *
You thump the orc priest!
The orc priest is severely wounded.
The orc priest calls down the wrath of Beogh upon you.
Pain shoots through your body!
* * * LOW HITPOINT WARNING * * *
The orc hits you but does no damage.
You hit the orc priest but do no damage.
The orc priest is severely wounded.
The orc priest hits you with a +0 mace!
* * * LOW HITPOINT WARNING * * *
The orc hits you from afar with a +0 trident.
You die...

#.##.#..........>.
#...
###......##.......##
##.#.
#....).####.......#
#...# #......#
#.......# ##.##
#......# ##.###..#
#.# ###.#### #.# .#
#.# #.# #.# # #.#
#.# ##.# +#.#+ #.
#@.# .#####...#
##o## .......⌠..
#o$# .#####...#
#.#......# +#.#+ ...
.#....# #.# ..... ##
..## #.# ....... .#
#.# ....... # #.#
....#.. ...


You could see an orc priest and an orc.

Vanquished Creatures
  A black bear (D:4)
  2 ogres (D:4)
  A hound (D:4)
  An adder (D:2)
  5 orcs
  4 bats
  7 endoplasms
  5 giant cockroaches
  3 hobgoblins
  8 jackals (D:1)
  4 kobolds
  A quokka (D:2)
  6 ball pythons
  3 goblins
  7 rats
  A spectral goblin (D:3)
59 creatures vanquished.

Notes
Turn   | Place    | Note
-------+----------+-------------------------------------------
     0 | D:1      | sammy202020 the Ogre Monk began the quest for the Orb.
     0 | D:1      | Reached XP level 1. HP: 24/24 MP: 1/1
   130 | D:1      | Reached XP level 2. HP: 26/32 MP: 2/2
   818 | D:1      | Reached XP level 3. HP: 37/40 MP: 3/3
  1342 | D:2      | Reached skill level 5 in Fighting
  1868 | D:3      | Found a faded altar of an unknown god.
  1969 | D:3      | Reached XP level 4. HP: 48/50 MP: 4/4
  2815 | D:4      | Noticed a black bear
  2828 | D:4      | Killed a black bear
  2829 | D:4      | Reached XP level 5. HP: 19/59 MP: 2/5
  3271 | D:4      | Noticed an ogre
  3289 | D:4      | Killed an ogre
  3290 | D:4      | Reached skill level 6 in Fighting
  3290 | D:4      | Reached XP level 6. HP: 18/68 MP: 2/6
  3689 | D:4      | HP: 1/68 [orc priest/+0 mace (6)]
  3689 | D:4      | Slain by an orc

Illustrated notes

Levels and vault maps discovered:
D:1:      dpeg_arrival_lava_altar, layout_basic
D:2:      layout_loops_corners
D:3:      layout_basic, dreamdust_ecumenical_altar_drowned_temple, minivault_27
D:4:      layout_rooms, mainiacjoe_overflow_24_doors,
          grunt_temple_overflow_cloverleaf

Skill      XL: |  1  2  3  4  5 |
---------------+----------------+-----
Maces & Flails | 3 4 |  4.6
Dodging        | 3 |  3.7
Fighting       | 5 6 |  6.8
Stealth        | |  1.4

Action                   |  1- 3 |  4- 6 || total
-------------------------+-------+-------++-------
Melee: Mace              |   109 |    17 ||   126
       Flail             |       |    68 ||    68
Throw: Dart              |       |     3 ||     3
  Use: Potion            |     1 |     3 ||     4
 Stab: Sleeping          |     7 |       ||     7
Armor: Robe              |    39 |    16 ||    55
Dodge: Dodged            |    64 |    56 ||   120

Table legend: (Time is in decaauts)
 A = Elapsed time spent in this place.
 B = Non-inter-level travel time spent in this place.
 C = Inter-level travel time spent in this place.
 D = Time resting spent in this place.
 E = Time spent auto-exploring this place.
 F = Levels seen in this place.
 G = Mean time per level.
                   A        B        C        D        E       F      G
               +--------+--------+--------+--------+--------+-----+--------+
         Total |   3736 |   3736 |      0 |    406 |   2686 |   4 |  934.0 |
       Dungeon |   3736 |   3736 |      0 |    406 |   2686 |   4 |  934.0 |
               +--------+--------+--------+--------+--------+-----+--------+

Top non-repeatable levels by time:
     D:3: 1023 daAuts
     D:1: 967 daAuts
     D:4: 946 daAuts
     D:2: 798 daAuts
